 Dungeon Crawl Stone Soup version 0.21.1-1-g345015fe64 (webtiles) character file.

11 Mrkan the Magician (level 2, -2/23 HPs)
             Began as a Gnoll Wanderer on May 6, 2018.
             Slain by a kobold
             ... wielding a +2 short sword of holy wrath
              (4 damage)
             ... on level 1 of the Dungeon.
             The game lasted 00:02:11 (455 turns).

Mrkan the Magician (Gnoll Wanderer)                  Turns: 455, Time: 00:02:11

Health: -2/23      AC:  2    Str: 16    XL:     2   Next: 29%
Magic:  8/10       EV: 11    Int: 19    God:
Gold:   28         SH:  8    Dex: 12    Spells: 14/15 levels left

rFire    . . .     SeeInvis .   b - +0 spear
rCold    . . .     Gourm    .   a - +0 shield
rNeg     . . .     Faith    .   d - +0 robe
rPois    .         Spirit   .   (no helmet)
rElec    .         Reflect  .   (no cloak)
rCorr    .         Harm     .   (no gloves)
MR       .....                  (no boots)
Stlth    +.........             (no amulet)
HPRegen  0.07/turn              (no ring)
MPRegen  0.12/turn              (no ring)

@: brilliant
A: distributed training, fangs 1, strong nose
a: no special abilities


You were on level 1 of the Dungeon.
You were not hungry.

You visited 1 branch of the dungeon, and saw 1 of its levels.

You collected 28 gold pieces.

Inventory:

Hand Weapons
 b - a +0 spear (weapon)
Armour
 a - a +0 shield (worn)
 d - a +0 robe (worn)
Scrolls
 g - a scroll of identify {unknown}
 h - a scroll of enchant weapon {unknown}
 i - a scroll of teleportation {unknown}
Books
 c - the Disquisition on Unholy Arts

   Spells                             Type                      Level
   a - Pain                           Necromancy                   1
   b - Regeneration                   Charms/Necromancy            3
Comestibles
 f - a ration
 j - 2 chunks of flesh


   Skills:
 + Level 2.4 Fighting
 + Level 0.3 Short Blades
 + Level 0.3 Long Blades
 + Level 0.3 Axes
 + Level 0.3 Maces & Flails
 + Level 0.3 Polearms
 + Level 0.3 Staves
 + Level 0.3 Slings
 + Level 0.3 Bows
 + Level 0.3 Crossbows
 + Level 2.4 Throwing
 + Level 0.3 Armour
 + Level 4.4 Dodging
 + Level 0.3 Stealth
 + Level 2.4 Shields
 + Level 0.3 Unarmed Combat
 + Level 7.1 Spellcasting
 + Level 2.0 Conjurations
 + Level 0.2 Hexes
 + Level 0.2 Charms
 + Level 0.2 Summonings
 + Level 2.0 Necromancy
 + Level 0.2 Translocations
 + Level 0.2 Transmutations
 + Level 0.2 Fire Magic
 + Level 0.2 Ice Magic
 + Level 0.2 Air Magic
 + Level 0.2 Earth Magic
 + Level 0.2 Poison Magic
 + Level 0.4 Invocations
 + Level 0.3 Evocations


You had 14 spell levels left.
You knew the following spells:

 Your Spells              Type           Power        Failure   Level  Hunger
a - Pain                  Necr           ####         2%          1    None


Dungeon Overview and Level Annotations

Branches:
Dungeon (1/15)

Altars:


Innate Abilities, Weirdness & Mutations

Your experience applies equally to all skills.
You have very sharp teeth.
Your uncanny sense of smell can sniff out nearby items.


Message History

Confirm with . or Enter, or press ? or * to list all spells.
Aiming: Pain
Press: ? - help, Shift-Dir - straight line, f - goblin
Aim: a goblin, wielding a club (chance to defeat MR: 78%)
The goblin writhes in agony!
You kill the goblin!
The kobold hits you with a short sword of holy wrath.
* * * LOW HITPOINT WARNING * * *
It was a potion of brilliance.
You feel clever all of a sudden. You block the kobold's attack.
A rat comes into view.
Casting: Pain
Confirm with . or Enter, or press ? or * to list all spells.
Aiming: Pain
Press: ? - help, Shift-Dir - straight line, f - kobold
Aim: a kobold, wielding a short sword of holy wrath (chance to defeat MR: 93%)
The kobold writhes in agony!
The kobold hits you with a short sword of holy wrath.
You die...

#..##.#########
##.##.# #
#.##.### ..
#......# ...
#.#....#....
#### #.........
#....##..#....g
#...)K#.g...
#...#..@## ...#
## #..$g..r#.(
#.........#.#
#.........#∆
##...>......
..#......###
.#.#......#
..#.#......#


You could see a hobgoblin, a kobold and a rat.

Vanquished Creatures
  A dart slug (D:1)
  3 goblins (D:1)
  3 jackals (D:1)
  A frilled lizard (D:1)
8 creatures vanquished.

Notes
Turn   | Place    | Note
-------+----------+-------------------------------------------
     0 | D:1      | Mrkan the Gnoll Wanderer began the quest for the Orb.
     0 | D:1      | Mrkan set off with: a +0 shield, a +0 spear, the Disquisition on Unholy Arts, a +0 robe, a ration
     0 | D:1      | Reached XP level 1. HP: 17/17 MP: 8/8
     1 | D:1      | Identified the Disquisition on Unholy Arts
     3 | D:1      | Learned a level 1 spell: Pain
   416 | D:1      | Reached XP level 2. HP: 18/23 MP: 10/10
   455 | D:1      | Slain by a kobold

Skill      XL: |  1 |
---------------+----+-----
Conjurations   | 2 |  2.0
Necromancy     | 2 |  2.0
Fighting       | |  2.4
Short Blades   | |  0.3
Long Blades    | |  0.3
Axes           | |  0.3
Maces & Flails | |  0.3
Polearms       | |  0.3
Staves         | |  0.3
Slings         | |  0.3
Bows           | |  0.3
Crossbows      | |  0.3
Throwing       | |  2.4
Armour         | |  0.3
Dodging        | |  4.4
Stealth        | |  0.3
Shields        | |  2.4
Unarmed Combat | |  0.3
Spellcasting   | |  7.1
Hexes          | |  0.2
Charms         | |  0.2
Summonings     | |  0.2
Translocations | |  0.2
Transmutations | |  0.2
Fire Magic     | |  0.2
Ice Magic      | |  0.2
Air Magic      | |  0.2
Earth Magic    | |  0.2
Poison Magic   | |  0.2
Invocations    | |  0.4
Evocations     | |  0.3

Action                   || total
-------------------------++-------
Melee: Spear             ||    26
       Bite              ||     2
 Cast: Pain              ||     7
  Use: Potion            ||     1
Armor: Robe              ||     1
Dodge: Dodged            ||    11
Block: Shield            ||    17
